Unix NetHack Version 5.0.0-0 post-release - last build May  4 2026 22:22:43 (774f63e81ad911689b3a0859ea89b322d5daca8d,branch:main).

Game began 2026-05-05 00:47:45, ended 2026-05-05 00:53:51.

Drastanta, lawful male human Samurai

                              ------
                              |@ B.|
                              .d...|
                              ----.-

Drastanta the Ronin    St:18/03 Dx:15 Co:18 In:10 Wi:8 Ch:7  Lawful
Dlvl:4  $:25 HP:0(33) Pw:6(6) AC:3  Xp:3 T:550 

Latest messages:
 You feel less confused now.
 You see here 5 gold pieces.
 $ - 5 gold pieces (25 in total).
 You see here a brass lantern.
 l - a brass lantern.
 You see here a white gem.
 This door is locked.
 This door is locked.
 This door is locked.
 In what direction? 8
 As you kick the door, it crashes open!
 You descend the stairs.
 There is a staircase up to level 3 here.
 There are many objects here.
 The little dog bites!
 Are you waiting to get hit?  Use 'm' prefix to force a no-op (to rest).
 Are you waiting to get hit?  Use 'm' prefix to force a no-op (to rest).
 Are you waiting to get hit?  Use 'm' prefix to force a no-op (to rest).
 You miss mlkj's ghost.
 The little dog bites!
 You miss mlkj's ghost.
 The little dog bites!
 You hit mlkj's ghost!
 Mlkj's ghost wakes up!
 The little dog bites!
 You miss mlkj's ghost.
 The little dog bites!
 You miss mlkj's ghost.
 The little dog just misses!
 You miss mlkj's ghost.
 The little dog misses!
 You miss mlkj's ghost.
 You miss mlkj's ghost.
 The little dog bites!
 The little dog misses!
 You miss mlkj's ghost.
 The little dog misses!
 The little dog misses!
 You miss mlkj's ghost.
 The little dog bites!
 The little dog bites!
 You miss mlkj's ghost.
 Mlkj's ghost touches you!
 The little dog misses!
 You miss mlkj's ghost.
 The little dog bites!
 You die...
 Do you want your possessions identified? [ynq] (y) y
 Do you want to see your attributes? [ynq] (y) y
 Do you want an account of creatures vanquished? [ynaq] (y) q

Inventory:
 Coins    ('$')
  $ - 25 gold pieces
 Weapons  (')')
  d - 41 +0 ya (in quiver)
  c - a +0 yumi
  a - a +0 katana (weapon in right hand)
  b - a +0 wakizashi (alternate weapon; not wielded)
 Armor    ('[')
  e - an uncursed rustproof +1 splint mail (being worn)
 Comestibles  ('%')
  i - an uncursed gunyoki
 Rings    ('=')
  h - an uncursed +1 ring of increase accuracy
 Tools    ('(')
  l - an uncursed brass lantern
 Gems/Stones  ('*')
  g - an uncursed worthless piece of green glass

Drastanta the Samurai's attributes:

Background:
 You were a Ronin, a level 3 male human Samurai.
 You were lawful, on a mission for Amaterasu Omikami
 who was opposed by Raijin (neutral) and Susanowo (chaotic).
 You were right-handed.
 You were in the Dungeons of Doom, on level 4.
 You entered the dungeon 550 turns ago.
 It was the midnight hour.
 You had 46 experience points, 34 more were needed to attain level 4.

Basics:
 You had 0 out of 33 hit points.
 You had all 6 energy points (spell power).
 Your armor class was 3.
 Your wallet contained 25 zorkmids.
 Autopickup was off.

Final Characteristics:
 Your strength was 18/03 (limit:18/100).
 Your dexterity was 15 (limit:18).
 Your constitution was 18 (limit:18).
 Your intelligence was 10 (limit:18).
 Your wisdom was 8 (limit:18).
 Your charisma was 7 (limit:18).

Final Status:
 You weren't hungry.
 You were unencumbered.
 You were wielding a long sword.
 You had basic skill with long sword.

Final Attributes:
 You were fervently aligned.
 You were warded.
 You were fast.
 You were unlucky.
 You are dead.

Miscellaneous:
 You encountered 1 bones level.
 Total elapsed playing time was 6 minutes and 5 seconds.

Major events:
 Turn
    1: Drastanta the lawful male human Samurai entered the dungeon
  479: attained the rank of Ronin (level 3)
  550: killed by a little dog

You didn't know any spells.

Skills:
 Fighting Skills
   martial arts      [Basic]
   two weapon combat [Unskilled]
   riding            [Unskilled]
 Weapon Skills
   dagger            [Unskilled]
   knife             [Unskilled]
   short sword       [Basic]
   broadsword        [Unskilled]
   long sword        [Basic]
   two-handed sword  [Unskilled]
   saber             [Unskilled]
   flail             [Unskilled]
   quarterstaff      [Unskilled]
   polearms          [Unskilled]
   spear             [Unskilled]
   lance             [Unskilled]
   bow               [Basic]
   shuriken          [Unskilled]
 Spellcasting Skills
   attack spells     [Unskilled]
   divination spells [Unskilled]
   clerical spells   [Unskilled]

Voluntary challenges:
 Character rerolling was not enabled.
 You were an atheist.
 You never genocided any monsters.
 You never polymorphed an object.
 You never changed form.
 You used no wishes.
Achievements:
 You entered a shop.
 You attained the rank of Ronin.

 The Dungeons of Doom: levels 1 to 4
    Level 1:
       A fountain, a grave.
    Level 2:
       An armor shop, a fountain.
    Level 3:
       A fountain.
    Level 4: <- You were here.
       Final resting place for
          you, killed by a little dog,
          mlkj-Val-Hum-Fem-Law, killed by a giant bat.


Vanquished creatures:
  a little dog
  a coyote
  a gas spore
  a hobbit
  a gecko
  4 jackals
  a fox
  2 goblins
  3 grid bugs
  2 newts
17 creatures vanquished.

No species were genocided or became extinct.

Game over:
                       ----------
                      /          \
                     /    REST    \
                    /      IN      \
                   /     PEACE      \
                  /                  \
                  |    Drastanta     |
                  |      25 Au       |
                  |   killed by a    |
                  |    little dog    |
                  |                  |
                  |                  |
                  |       2026       |
                 *|     *  *  *      | *
        _________)/\\_//(\/(/\)/\//\/|_)_______

Sayonara Drastanta the Samurai...

You died in The Dungeons of Doom on dungeon level 4 with 387 points,
and 25 pieces of gold, after 550 moves.
You were level 3 with a maximum of 33 hit points when you died.

